Map: Echo LE (Void)

Players

Emil

  • Race: Zerg Zerg
  • League: Diamond

Snowfakez - Winner!

  • Race: Protoss Protoss
  • League: Master

VOD

Have the link to the VOD?

Description

Time

  • Played on: Nov. 28, 2016, 8:46 a.m.
  • Length: 15:05
Show
View Real Time Build Order
Export as new Build Order

Emil Zerg 

Build Orders: Hatch First, Swarm Host 

Get SALT Encoding   

  12  0:03  Drone  
  13  0:13  Overlord  
  13  0:21  Drone  
  14  0:37  Drone  
  14  0:38  Drone x2  
  17  0:57  Hatchery  
  16  1:03  Extractor  
  15  1:12  Spawning Pool  
  14  1:20  Drone  
  14  1:21  Drone  
  14  1:22  Drone  
  17  1:34  Drone  
  18  1:44  Overlord  
  18  2:00  Zergling x2  
  19  2:07  Zergling x2  
  20  2:11  Spine Crawler  
  19  2:16  Spine Crawler  
  15  2:37  Drone x3  
  18  2:46  Zergling x4  
  20  2:59  Zergling x6  
  20  3:14  Spine Crawler  
  17  3:29  Spine Crawler  
  16  3:48  Queen  
  18  4:13  Metabolic Boost  
  18  4:14  Baneling Nest, Evolution Chamber  
  16  4:20  Drone x2  
  16  4:21  Drone  
  19  4:34  Zergling x2  
  20  4:50  Zergling x2  
  21  5:13  Hatchery  
  20  5:18  Drone x2  
  20  5:19  Baneling x3  
  21  6:00  Drone  
  21  6:01  Overlord  
  20  6:22  Drone  
  20  6:23  Drone x3  
  23  6:33  Queen x2  
  27  6:47  Drone x2  
  27  6:48  Drone x3  
  27  6:53  Hatchery  
  31  7:00  Spore Crawler  
  30  7:04  Spore Crawler  
  29  7:09  Overlord x2  
  29  7:18  Overlord  
  29  7:19  Extractor  
  29  7:21  Extractor  
  29  7:22  Lair  
  27  7:26  Queen  
  29  7:31  Drone  
  29  7:32  Drone x3  
  34  7:44  Drone x4  
  37  7:56  Drone  
  37  7:57  Drone x4  
  42  8:03  Drone  
  42  8:04  Drone x2  
  45  8:12  Drone  
  46  8:13  Drone x3  
  49  8:26  Lair  
  49  8:28  Zerg Missile Weapons Level 1  
  49  8:30  Drone, Extractor  
  49  8:31  Drone x2  
  51  8:34  Spore Crawler  
  50  8:41  Drone  
  50  8:42  Drone x5  
  50  8:48  Zergling x4  
  58  9:07  Overlord x2  
  58  9:08  Overlord x3  
  58  9:13  Evolution Chamber  
  58  9:15  Extractor  
  58  9:16  Extractor  
  55  9:17  Spore Crawler  
  55  9:19  Queen  
  56  9:29  Drone  
  56  9:30  Drone x8  
  63  9:49  Hydralisk Den  
  63  9:50  Drone x4  
  63  9:51  Drone x4  
  63  9:52  Infestation Pit  
  69  10:11  Hatchery  
  68  10:19  Grooved Spines  
  68  10:23  Overseer  
  68  10:40  Swarm Host x10  
  98  10:45  Zerg Missile Weapons Level 2  
  98  10:48  Overlord x4  
  98  10:53  Pneumatized Carapace  
  98  10:58  Spore Crawler  
  97  11:06  Hydralisk x2  
  97  11:07  Hydralisk x2  
  105  11:28  Hydralisk  
  105  11:29  Hydralisk x7  
  119  11:36  Burrow  
  118  11:54  Hydralisk  
  118  11:55  Hydralisk x4  
  126  12:19  Hydralisk  
  122  13:03  Overlord x2  
  122  13:04  Overlord x7  
  122  13:05  Overlord x2  
  122  13:08  Hive  
  122  13:09  Zerg Ground Armor Level 1  
  122  13:21  Hydralisk  
  122  13:22  Hydralisk x12  
  148  13:39  Hatchery  
  147  13:43  Drone  
  147  13:44  Drone x10  
  152  14:09  Drone  
  153  14:10  Drone x6  
  159  14:28  Hydralisk x5  
Show
View Real Time Build Order
Export as new Build Order

Snowfakez Protoss - Winner!

Build Orders: Forge Fast Expand (FFE) 

Get SALT Encoding   

  12  0:01  Probe (Chrono Boost)  
  13  0:11  Probe (Chrono Boost)  
  14  0:18  Pylon  
  14  0:22  Probe (Chrono Boost)  
  15  0:36  Probe (Chrono Boost)  
  15  0:39  Forge  
  16  0:47  Probe (Chrono Boost)  
  17  0:57  Probe (Chrono Boost)  
  18  1:17  Nexus  
  18  1:34  Pylon  
  18  1:38  Probe (Chrono Boost)  
  19  1:48  Probe (Chrono Boost)  
  19  1:53  Photon Cannon  
  20  1:57  Photon Cannon  
  20  2:00  Pylon  
  20  2:02  Photon Cannon  
  20  2:08  Pylon  
  20  2:10  Pylon  
  20  2:12  Pylon  
  20  2:22  Photon Cannon  
  19  2:30  Photon Cannon  
  19  2:41  Photon Cannon  
  19  3:12  Pylon  
  19  3:14  Pylon  
  19  3:17  Probe (Chrono Boost)  
  19  3:27  Probe (Chrono Boost)  
  19  3:33  Probe (Chrono Boost)  
  21  3:38  Pylon  
  21  3:39  Gateway  
  21  3:42  Probe (Chrono Boost)  
  21  3:44  Probe (Chrono Boost), Assimilator  
  21  3:47  Assimilator  
  23  3:52  Probe (Chrono Boost)  
  24  3:58  Probe (Chrono Boost)  
  24  4:00  Photon Cannon  
  25  4:03  Probe (Chrono Boost)  
  25  4:07  Pylon  
  25  4:09  Probe (Chrono Boost)  
  27  4:13  Probe (Chrono Boost)  
  28  4:19  Probe (Chrono Boost)  
  30  4:24  Probe (Chrono Boost)  
  30  4:27  Cybernetics Core  
  30  4:29  Zealot  
  30  4:30  Probe (Chrono Boost)  
  33  4:34  Probe (Chrono Boost)  
  34  4:41  Probe (Chrono Boost)  
  34  4:45  Probe (Chrono Boost)  
  36  4:51  Probe (Chrono Boost)  
  37  4:53  Pylon  
  37  4:56  Probe (Chrono Boost)  
  38  5:03  Assimilator  
  38  5:04  Mothership Core (Chrono Boost), Warp Gate  
  38  5:06  Zealot, Assimilator  
  42  5:07  Probe (Chrono Boost)  
  42  5:10  Stargate  
  43  5:18  Probe (Chrono Boost)  
  44  5:22  Probe (Chrono Boost)  
  44  5:23  Pylon  
  46  5:28  Probe (Chrono Boost)  
  46  5:31  Gateway x2  
  46  5:32  Probe (Chrono Boost)  
  47  5:40  Probe (Chrono Boost)  
  48  5:54  Pylon  
  48  5:55  Void Ray  
  48  5:56  Probe (Chrono Boost)  
  49  6:03  Probe (Chrono Boost)  
  54  6:08  Probe (Chrono Boost)  
  55  6:14  Probe (Chrono Boost)  
  56  6:36  Probe (Chrono Boost)  
  57  6:41  Probe (Chrono Boost)  
  57  6:45  Void Ray  
  59  6:48  Probe (Chrono Boost)  
  59  6:49  Pylon  
  59  6:52  Probe (Chrono Boost)  
  64  7:04  Stargate  
  64  7:05  Stargate  
  64  7:07  Cybernetics Core  
  65  7:10  Probe (Chrono Boost)  
  65  7:14  Protoss Air Weapons Level 1  
  65  7:18  Protoss Shields Level 1  
  65  7:25  Nexus  
  65  7:33  Pylon  
  65  7:35  Probe x2 (Chrono Boost)  
  67  7:45  Probe (Chrono Boost)  
  67  7:47  Probe (Chrono Boost), Fleet Beacon  
  67  7:49  Protoss Air Armor Level 1  
  69  7:56  Probe (Chrono Boost)  
  71  7:59  Probe (Chrono Boost)  
  71  8:00  Photon Cannon  
  71  8:02  Pylon  
  71  8:06  Probe (Chrono Boost)  
  71  8:10  Pylon  
  71  8:11  Probe (Chrono Boost)  
  73  8:17  Probe (Chrono Boost)  
  74  8:25  Carrier  
  74  8:36  Probe x2 (Chrono Boost)  
  74  8:38  Graviton Catapult  
  82  8:42  Carrier  
  82  8:47  Probe (Chrono Boost)  
  83  8:49  Photon Cannon x2  
  83  8:55  Assimilator  
  91  8:56  Probe x2 (Chrono Boost)  
  91  8:57  Assimilator  
  91  9:01  Probe (Chrono Boost)  
  91  9:02  Photon Cannon  
  92  9:09  Twilight Council  
  94  9:10  Probe x2 (Chrono Boost)  
  94  9:16  Carrier  
  95  9:18  Probe (Chrono Boost)  
  101  9:36  Nexus  
  101  9:38  Pylon  
  101  9:40  Pylon, Carrier  
  101  9:45  Probe (Chrono Boost)  
  102  9:48  Zealot x3  
  115  9:53  Probe (Chrono Boost)  
  115  9:56  Charge  
  115  10:00  Photon Cannon  
  115  10:02  Photon Cannon  
  115  10:03  Photon Cannon  
  115  10:07  Photon Cannon  
  115  10:08  Carrier  
  115  10:10  Probe (Chrono Boost)  
  115  10:12  Probe (Chrono Boost)  
  115  10:13  Probe (Chrono Boost)  
  123  10:32  Protoss Air Weapons Level 2  
  123  10:34  Protoss Air Armor Level 2  
  123  10:39  Zealot  
  123  10:40  Zealot x2  
  123  10:42  Carrier  
  130  10:44  Probe (Chrono Boost)  
  130  10:46  Pylon  
  130  10:56  Probe (Chrono Boost)  
  137  11:00  Probe (Chrono Boost)  
  137  11:01  Probe (Chrono Boost), Assimilator  
  137  11:02  Probe (Chrono Boost)  
  140  11:05  Assimilator  
  140  11:08  Probe (Chrono Boost)  
  141  11:22  Carrier  
  141  11:31  Carrier  
  149  11:55  Photon Cannon  
  149  11:58  Photon Cannon x2  
  149  12:00  Photon Cannon  
  149  12:01  Carrier  
  149  12:05  Stargate  
  149  12:07  Protoss Shields Level 2, Stargate  
  149  12:09  Stargate  
  146  12:47  Carrier  
  152  13:03  Pylon  
  152  13:05  Pylon  
  152  13:08  Pylon  
  152  13:09  Carrier  
  152  13:13  Photon Cannon  
  152  13:15  Photon Cannon  
  152  13:18  Pylon  
  152  13:19  Pylon, Photon Cannon  
  152  13:20  Carrier  
  152  13:22  Carrier x2  
  152  13:24  Pylon  
  167  13:30  Probe (Chrono Boost)  
  174  13:39  Pylon  
  181  13:41  Pylon  
  181  13:42  Probe (Chrono Boost)  
  181  13:51  Zealot  
  181  13:52  Zealot x2  
  181  13:54  Probe (Chrono Boost)  
  188  14:25  Photon Cannon x2  
  188  14:29  Zealot x3  
Tags
 
Add a new tag
Caveats
  • Supply blocks, unpowered buildings, or Contaminate may cause inaccurate times.
  • Supply counts are checked every 10 seconds.